 Dungeon Crawl Stone Soup version 0.22-a0-422-g9628fc8 (webtiles) character file.

115 Goblin1989 the Ruffian (level 4, -3/42 HPs)
             Began as a Troll Hunter on May 17, 2018.
             Killed from afar by an orc wizard (11 damage)
             ... with a puff of flame
             ... on level 3 of the Dungeon.
             The game lasted 00:04:20 (2212 turns).

Goblin1989 the Ruffian (Troll Hunter)               Turns: 2212, Time: 00:04:21

Health: -3/42      AC:  5    Str: 21    XL:     4   Next: 68%
Magic:  3/3        EV:  5    Int:  7    God:
Gold:   110        SH: 12    Dex: 10    Spells: 3/3 levels left

rFire    . . .     SeeInvis .     - Unarmed
rCold    . . .     Gourm    +   P - +0 large shield
rNeg     . . .     Faith    .   b - +0 robe
rPois    .         Spirit   .   (helmet restricted)
rElec    .         Reflect  .   (no cloak)
rCorr    .         Harm     .   (gloves unavailable)
MR       .....                  (boots unavailable)
Stlth    +.........             (no amulet)
HPRegen  0.54/turn              (no ring)
MPRegen  0.08/turn              (no ring)

@: no status effects
A: large, unfitting armour, claws 3, fast metabolism 3, gourmand, regeneration
1, shaggy fur 1, tough skin 2
a: no special abilities


You were on level 3 of the Dungeon.
You were completely stuffed.

You visited 1 branch of the dungeon, and saw 3 of its levels.

You collected 110 gold pieces.

Inventory:

Missiles
 c - 5 large rocks (quivered) {!d, @Q4}
 T - 7 curare-tipped needles
 Z - 2 throwing nets {!d , @Q1}
Armour
 b - a +0 robe (worn)
 P - a +0 large shield (worn)
Jewellery
 M - a cursed ring of loudness {unknown}
 N - an uncursed amulet of the acrobat {unknown}
Scrolls
 O - a scroll of enchant armour {unknown}
 Q - 4 scrolls of remove curse {unknown}
 V - 4 scrolls of identify {unknown}
 W - 3 scrolls of immolation {unknown}
Potions
 R - a potion of flight {unknown}
 U - a potion of cancellation {unknown}
 X - 2 potions of magic {unknown}
 Y - a potion of lignification {unknown}
Comestibles
 e - 6 rations
 S - 2 chunks of flesh


   Skills:
 + Level 1.7 Fighting
 - Level 3.6 Throwing
 + Level 1.7 Dodging
 - Level 0.3 Stealth
 + Level 0.4 Shields
 * Level 4.1 Unarmed Combat


You had 3 spell levels left.
You didn't know any spells.
Your spell library was empty.

Dungeon Overview and Level Annotations

Branches:
Dungeon (3/15)

Altars:
Xom


Innate Abilities, Weirdness & Mutations

You are too large for most types of armour.
You have claws for hands.
Your metabolism is lightning-fast.
You like to eat raw meat.
Your natural rate of healing is unusually fast.
You are covered in fur. (AC +1)
You have very tough skin. (AC +2)


Message History

You scratch the orc.
The orc is moderately wounded.
The orc closely misses you. The orc barely misses you.
The orc wizard gestures wildly while chanting.
The orc wizard seems to speed up.
The orc hits you from afar with a trident!
You claw the orc!
You kill the orc!
The orc hits you with a trident!
Things that are here:
a flail; a ring mail; an orc corpse You are too injured to fight recklessly!
You take 14 damage, and have 22/42 hp.
MASSIVE DAMAGE!!
You are too injured to fight recklessly!
You are too injured to fight recklessly!
You are too injured to fight recklessly!
You are too injured to fight recklessly!
You are too injured to fight recklessly!
You are too injured to fight recklessly!
You are too injured to fight recklessly!
You are too injured to fight recklessly!
You are too injured to fight recklessly!
You are too injured to fight recklessly!
You are too injured to fight recklessly!
You are too injured to fight recklessly!
You are too injured to fight recklessly!
You are too injured to fight recklessly!
You are too injured to fight recklessly!
You are too injured to fight recklessly!
You are too injured to fight recklessly!
You are too injured to fight recklessly!
You are too injured to fight recklessly!
You are too injured to fight recklessly!
You are too injured to fight recklessly!
You are too injured to fight recklessly!
You are too injured to fight recklessly!
You are too injured to fight recklessly!
You are too injured to fight recklessly!
You are too injured to fight recklessly!
Unknown command.
You block the orc's attack. You block the kobold's attack.
The kobold hits you but does no damage.
The orc wizard looks braver for a moment.
You claw the kobold!
You kill the kobold!
The orc hits you but does no damage.
You see here a kobold corpse.
You barely miss the orc. The orc barely misses you.
You closely miss the orc. The orc hits you with a trident.
You take 1 damage, and have 25/42 hp.
You claw the orc!
You kill the orc!
You block the orc wizard's attack.
You scratch the orc wizard.
The orc wizard is moderately wounded.
The orc wizard hits you but does no damage.
You block the orc wizard's attack.
You closely miss the orc wizard.
The orc wizard is moderately wounded.
The orc wizard barely misses you.
You scratch the orc wizard.
The orc wizard is severely wounded.
You block the orc wizard's attack.
The orc wizard gestures at you while chanting.
The puff of frost hits you!
You take 6 damage, and have 21/42 hp.
You scratch the orc wizard.
The orc wizard is almost dead.
The orc wizard casts a spell.
The orc wizard flickers and vanishes!
Deactivating autopickup; reactivate with Ctrl-A.
You hear some strange, mumbled words.
A magic dart appears from out of thin air!
The magic dart hits you!
You closely miss something. Something hits you but does no damage.
Something completely misses you.
You miss something. Something hits you but does no damage.
You closely miss something. Something hits you but does no damage.
You hear some strange, mumbled words.
A puff of frost appears from out of thin air!
The puff of frost hits you!
* * * LOW HITPOINT WARNING * * *
You take 9 damage, and have 13/42 hp.
MASSIVE DAMAGE!!
You scratch something but do no damage. Something hits you but does no damage.
Unknown command.
You closely miss something. Something hits you but does no damage.
Something hits you.
* * * LOW HITPOINT WARNING * * *
You take 4 damage, and have 9/42 hp.
Unknown command.
You closely miss something. Something hits you.
* * * LOW HITPOINT WARNING * * *
You take 1 damage, and have 8/42 hp.
Unknown command.
You barely miss something.
You hear some strange, mumbled words.
A puff of flame appears from out of thin air!
The puff of flame hits you!
You die... ███ ███.....████ ... .............. █.█ █.████....█.██. ██.██ █.████.█..█.██. .oo

...........██.. █.█
█.████.█..███^. █)█
█.████.█..█≈.█≈
..█.██.█████.........█.§♣.
█.>.....o{@............♣█≈⌂
█.██.██.█████.████.█..█.≈.≈
.. .................█....
..██.██.█████.████.█..██..^
█ █ █.█ █.████.██.███.^ █.█
███...........██^ ..█
█.█.███████...█.. ..█ █.█.█
█...█.█ █ █ █.█ █.█.█
█.█.█..


You could see an orc.

Vanquished Creatures
  Robin (D:2)
  2 adders (D:2)
  3 worms (D:2)
  A dart slug (D:2)
  3 leopard geckos
  2 orcs (D:3)
  2 giant cockroaches
  13 goblins
  9 hobgoblins
  6 jackals
  A quokka (D:3)
  6 bats
  4 frilled lizards
  2 kobolds
  11 rats
66 creatures vanquished.

Notes
Turn   | Place    | Note
-------+----------+-------------------------------------------
     0 | D:1      | Goblin1989 the Troll Hunter began the quest for the Orb.
     0 | D:1      | Reached XP level 1. HP: 19/19 MP: 0/0
   202 | D:1      | Reached skill level 1 in Unarmed Combat
   226 | D:1      | Reached XP level 2. HP: 25/27 MP: 1/1
   439 | D:1      | Reached skill level 2 in Unarmed Combat
  1000 | D:2      | Noticed Robin
  1010 | D:2      | Reached XP level 3. HP: 33/33 MP: 2/2
  1023 | D:2      | Reached skill level 3 in Unarmed Combat
  1034 | D:2      | Killed Robin
  1316 | D:2      | Reached XP level 4. HP: 32/41 MP: 3/3
  1622 | D:2      | Reached skill level 4 in Unarmed Combat
  2012 | D:3      | Found a shimmering altar of Xom.
  2021 | D:3      | Found a shimmering altar of Xom.
  2021 | D:3      | Found a shimmering altar of Xom.
  2212 | D:3      | Killed from afar by an orc wizard

Vault maps used:
D:1:      minmay_arrival_up_and_down
D:2:      uniq_robin
D:3:      xom_redecorated

Skill      XL: |  1  2  3  4 |
---------------+-------------+-----
Unarmed Combat | 1 2 3 4 |  4.1
Fighting       | |  1.7
Throwing       | |  3.6
Dodging        | |  1.7
Stealth        | |  0.3
Shields        | |  0.4

Action                   |  1- 3 |  4- 6 || total
-------------------------+-------+-------++-------
Melee: Unarmed           |   110 |    85 ||   195
       Punch             |     2 |       ||     2
 Stab: Sleeping          |       |     1 ||     1
  Eat: Chunk             |    18 |     8 ||    26
Armor: Robe              |    32 |    21 ||    53
Dodge: Dodged            |    30 |    23 ||    53
Block: Large shield      |       |    38 ||    38

Table legend:
 A = Spawn XP
 B = Non-spawn XP
 C = Spawn XP percentage of total XP
 D = Spawn monster count
 E = Non-spawn monster count
 F = Spawn count percentage of total count
 G = Total turns spent on level
                    A         B        C        D         E        F      G
               +---------+---------+-------+---------+---------+-------+---------
         Total |       0 |     165 |   0.0 |       0 |      66 |   0.0 |  2212
               +---------+---------+-------+---------+---------+-------+---------
           D:1 |       0 |      25 |   0.0 |       0 |      16 |   0.0 |   801
           D:2 |       0 |     123 |   0.0 |       0 |      42 |   0.0 |  1112
           D:3 |       0 |      17 |   0.0 |       0 |       8 |   0.0 |   299
               +---------+---------+-------+---------+---------+-------+---------

Vault maps used:
D:1:      minmay_arrival_up_and_down
D:2:      uniq_robin
D:3:      xom_redecorated
